 Dungeon Crawl Stone Soup version 0.30-a0-778-g2ef04afb54 (console) character file.

Game seed: 4039796306755470781

35078 jejorda2 the Impaler (level 13, -2/162 HPs)
             Began as a Merfolk Berserker on Feb 15, 2023.
             Was a High Priest of Trog.
             Slain by a merfolk
             ... wielding a +0 trident
              (18 damage)
             ... on level 2 of the Lair of Beasts.
             The game lasted 00:39:46 (14346 turns).

jejorda2 the Impaler (Merfolk Berserker)           Turns: 14346, Time: 00:39:47

Health: -2/162     AC: 20    Str: 24    XL:     13   Next: 81%
Magic:  13/13      EV: 13    Int:  6    God:    Trog [*****.]
Gold:   85         SH:  0    Dex: 11    Spells: 12/12 levels left

rFire   + . .      SeeInvis .    a - +8 halberd {flame, Dex+2}
rCold   + + +      Faith    +    (shield currently unavailable)
rNeg    . . .      Spirit   .    V - +1 plate armour of Sistocath {Regen+}
rPois   +          Reflect  .    (no helmet)
rElec   .          Harm     .    J - +2 cloak {Will+}
rCorr   .          Rampage  .    f - +1 pair of gloves of Narghil {rF+}
Will    +....                    K - +0 pair of boots Stlth
                                 F - amulet of faith
HPRegen 1.27/turn                R - +5 ring of evasion
MPRegen 0.13/turn                Q - ring of the Bull {Fly rPois rC+++ Str+2 Dex-5}

@: berserking (expiring), flying, studying Evocations, very quick
A: (nimble swimmer 2), mertail
a: Renounce Religion, Berserk, Trog's Hand, Brothers in Arms


You were on level 2 of the Lair of Beasts.
You worshipped Trog.
Trog was extremely pleased with you.
You visited 2 branches of the dungeon, and saw 13 of its levels.
You also visited: Sewer and Gauntlet.

You collected 1111 gold pieces.
You spent 1026 gold pieces at shops.

Inventory:

Hand Weapons
 a - the +8 halberd of Ogre's Doom (weapon) {flame, Dex+2}
   (Trog gifted it to you on level 10 of the Dungeon)

   Dex:       It affects your dexterity (+2).
 c - a +3 antimagic bardiche
 B - a +3 heavy bardiche
Missiles
 d - 164 stones
 q - 5 curare-tipped darts
 v - 6 boomerangs (quivered)
 A - 4 silver javelins
 D - 36 poisoned darts
 L - 8 javelins
Armour
 f - the +1 pair of gloves of Narghil (worn) {rF+}
   (You acquired it on level 4 of the Dungeon)

   rF:        It protects you from fire.
 l - the +2 plate armour of Ceakamum {rC+}
   (You acquired it in a sewer)

   rC:        It protects you from cold.
 J - a +2 cloak of willpower (worn)
 K - a +0 pair of boots (worn)
 V - the +1 plate armour of Sistocath (worn) {Regen+}
   (You found it in a Gauntlet)

   Regen:     It increases your rate of health regeneration.
Jewellery
 e - a ring of positive energy
 u - a ring of resist corrosion
 y - a ring of protection from fire
 F - an amulet of faith (around neck)
 Q - the ring of the Bull (right hand) {Fly rPois rC+++ Str+2 Dex-5}
   (You found it on level 1 of the Lair of Beasts)

   [ring of flight]

   Str:       It affects your strength (+2).
   Dex:       It affects your dexterity (-5).
   rC:        It renders you almost immune to cold.
   rPois:     It protects you from poison.
   Fly:       It grants you flight.
 R - a +5 ring of evasion (left hand)
Wands
 k - a wand of iceblast (16)
 o - a wand of flame (12)
 z - a wand of polymorph (3)
 G - a wand of light (8)
Scrolls
 b - a scroll of summoning
 m - 9 scrolls of teleportation
 s - 2 scrolls of magic mapping
 x - 2 scrolls of fear
 C - a scroll of immolation
 E - 5 scrolls of identify
 P - 3 scrolls of poison
 S - a scroll of blinking
Potions
 g - 3 potions of resistance
 h - 4 potions of mutation
 i - 3 potions of cancellation
 j - 3 potions of attraction
 n - 2 potions of haste
 p - 4 potions of might
 r - 5 potions of curing
 t - 8 potions of heal wounds
 w - 2 potions of flight
 M - a potion of ambrosia
Miscellaneous
 N - a phial of floods
 O - a condenser vane


   Skills:
 - Level 12.0 Fighting
 + Level 19.9 Polearms
 * Level 9.6 Throwing
 - Level 6.0 Armour
 - Level 6.0 Dodging
 + Level 6.0 Evocations


You had 12 spell levels left.
You didn't know any spells.
Your spell library contained the following spells:

 Spells                   Type           Power      Damage    Failure   Level
 Manifold Assault         Tloc           0%         N/A       100%        4
 Blade Hands              Tmut           0%         N/A       100%        5
 Irradiate                Conj/Tmut      0%         3d11      100%        5
 Dispersal                Tloc           0%         N/A       100%        6
 Dragon Form              Tmut           0%         N/A       100%        7
 Disjunction              Tloc           0%         N/A       100%        8


Dungeon Overview and Level Annotations

Branches:
Dungeon (11/15)            Temple (0/1) D:7            Lair (2/5) D:10
 Spider (0/4) Lair:2          Orc (0/2) D:11          Sewer (visited)
Gauntlet (visited)
  Swamp: Lair:2-3    Shoals: Lair:2-3

Altars:
Okawaru
Qazlal
The Shining One

Shops:
D:1 (   D:3 *   D:4 *   D:7 *   D:10 *


Innate Abilities, Weirdness & Mutations

((You are very nimble when in or above water. (Stealth+, EV+, Speed+++)))
Your lower body shifts to a powerful aquatic tail in water.


Message History

You are too injured to fight recklessly!
You are too injured to fight recklessly!
You are too injured to fight recklessly!
You are too injured to fight recklessly!
You are too injured to fight recklessly!
A red film seems to cover your vision as you go berserk!
You feel yourself moving faster!
You feel mighty! The bullfrog barely misses you.
The merfolk hits you from afar with a +0 trident.
The merfolk hits you from afar with a +0 trident!
The merfolk hits you from afar with a +0 trident!!
* * * LOW HITPOINT WARNING * * *
You barely miss the bullfrog.
The bullfrog is heavily wounded.
The bullfrog hits you.
* * * LOW HITPOINT WARNING * * *
You impale the bullfrog!! You burn the bullfrog.
You kill the bullfrog!
Trog accepts your kill.
The merfolk hits you from afar with a +0 trident.
* * * LOW HITPOINT WARNING * * *
The merfolk throws a boomerang.
The boomerang hits you!
* * * LOW HITPOINT WARNING * * *
The merfolk hits you but does no damage.
Reach: a) +8 halberd {flame, Dex+2}
Press: ? - help, Dir - move target, f - merfolk, p - merfolk
Aim: a merfolk, wielding a +0 trident (about 31% to evade the +8 halberd of Ogre's Doom)
You reach to attack!
You slice the merfolk like a ripe choko!!!
You burn the merfolk.
The merfolk is severely wounded.
Reach: a) +8 halberd {flame, Dex+2}
Press: ? - help, Dir - move target, f/p - merfolk
Aim: a merfolk, wielding a +0 trident (severely wounded, about 31% to evade the +8 halberd of Ogre's Doom)
You reach to attack!
You impale the merfolk!! You burn the merfolk!
You kill the merfolk!
Trog accepts your kill. The merfolk barely misses you.
The merfolk hits you from afar with a +0 trident!!
You die...

P.......###.#.
#.P.#.P....###
###.......#...## P
#.......#......# #. #
#............... #..#~
##...#.#......#.#
.....###......P.#.......
..P..m#.#...#...#......#
#..m.@....#...#......#
#..)..........#....<..
#.....P..............#
.....................รท.#
................#......#
....#.....#.............
..#.....#...P...........
#.......#.P.....#.......
.......#.......#.##....


You could see 2 merfolk.

Vanquished Creatures
  A minotaur (Gauntlet)
  An entropy weaver (Gauntlet)
  Erica (D:8)
  2 centaur warriors (D:11)
  2 boulder beetles
  4 two-headed ogres
  A tengu warrior (D:11)
  The ghost of patfeehan111222 the Basher, a novice MiBe of Trog (D:7)
  A wolf spider (D:11)
  An ugly thing (D:11)
  A moth of wrath (Gauntlet)
  3 cyclopes (D:11)
  A manticore (D:11)
  Joseph (Lair:1)
  A merfolk siren (Lair:2)
  2 cane toads
  A gargoyle (D:11)
  2 komodo dragons (Lair:2)
  A kobold demonologist (D:11)
  A merfolk (Lair:2)
  A hornet (D:8)
  3 trolls (D:11)
  Prince Ribbit (D:7)
  4 blink frogs (Lair:2)
  A large abomination (Gauntlet)
  2 slime creatures
  A jumping spider (Gauntlet)
  3 culicivoras (Lair:2)
  2 shadows
  7 yaks (D:11)
  4 wyverns
  A basilisk (Lair:1)
  Grum (D:8)
  5 wraiths
  4 steam dragons
  6 vampire mosquitoes
  A redback (Gauntlet)
  An acid dragon (D:11)
  8 water moccasins
  A sky beast (D:8)
  2 black bears
  9 orc warriors
  An ice beast (D:5)
  5 ogres
  12 wolves
  2 centaurs
  2 phantoms
  4 kobold brigands (D:11)
  9 bullfrogs
  A necrophage (D:6)
  3 scorpions
  8 gnoll sergeants
  18 wights
  3 small abominations (Gauntlet)
  10 killer bees
  4 howler monkeys
  4 hounds
  4 jellies
  6 orc priests
  3 iguanas
  11 orc wizards
  Natasha (thrice) (D:3)
  A hound skeleton (D:2)
  13 gnolls
  11 adders
  A shadow imp (D:7)
  4 white imps
  2 ufetubi (D:5)
  4 adder skeletons (D:2)
  3 worms
  2 dart slugs
  58 orcs
  17 ball pythons
  5 bats
  2 bat zombies (D:2)
  21 endoplasms
  12 giant cockroaches
  7 goblins
  8 hobgoblins
  12 quokkas
  4 ball python skeletons (D:2)
  A ball python zombie (D:2)
  5 frilled lizards
  A giant cockroach zombie (D:2)
  A jackal skeleton (D:2)
  8 kobolds
  8 rats
421 creatures vanquished.

Vanquished Creatures (collateral kills)
  A large abomination (Gauntlet)
  3 small abominations (Gauntlet)
4 creatures vanquished.

Vanquished Creatures (others)
  A howler monkey (D:9)
  A fungus (Lair:2)
  4 plants
  6 withered plants
12 creatures vanquished.

Grand Total: 437 creatures vanquished

Notes
Turn   | Place    | Note
-------+----------+-------------------------------------------
     0 | D:1      | jejorda2 the Merfolk Berserker began the quest for the Orb.
     0 | D:1      | Reached XP level 1. HP: 18/18 MP: 1/1
   126 | D:1      | Reached XP level 2. HP: 24/24 MP: 2/2
   479 | D:1      | Found Quurus's Antique Weapon Shoppe.
  1016 | D:2      | Reached ** piety under Trog
  1017 | D:2      | Reached XP level 3. HP: 26/29 MP: 3/3
  1055 | D:2      | Reached skill level 5 in Polearms
  1241 | D:2      | Reached XP level 4. HP: 33/37 MP: 4/4
  1298 | D:2      | Found the amulet of Elemental Vulnerability {rPois rF--
                  | rC-- AC+8}
  1513 | D:2      | Reached *** piety under Trog
  1531 | D:2      | Found a stormy altar of Qazlal.
  1668 | D:2      | Reached XP level 5. HP: 42/42 MP: 5/5
  1992 | D:3      | Reached skill level 6 in Polearms
  2106 | D:3      | Noticed Natasha
  2115 | D:3      | Killed Natasha
  2285 | D:3      | Noticed Natasha
  2295 | D:3      | Killed Natasha
  2296 | D:3      | Reached XP level 6. HP: 49/49 MP: 6/6
  2324 | D:3      | Found Katanueg's Assorted Antiques.
  2332 | D:3      | Bought a scroll labelled ESIBLU XODOHIEK for 19 gold pieces
  2406 | D:3      | Found a faded altar of an unknown god.
  2507 | D:3      | Noticed Natasha
  2515 | D:3      | Killed Natasha
  2516 | D:3      | Reached skill level 7 in Polearms
  2678 | D:4      | Found a glowing drain.
  2691 | Sewer    | Entered a sewer
  2728 | Sewer    | Reached **** piety under Trog
  2874 | Sewer    | Found a viscous altar of Jiyva.
  2951 | Sewer    | Identified 2 scrolls of acquirement
  2951 | Sewer    | Acquired the +2 plate armour of Ceakamum {rC+}
  2963 | Sewer    | Acquired a +2 heavy halberd
  3078 | D:4      | Reached skill level 5 in Fighting
  3078 | D:4      | Reached XP level 7. HP: 56/56 MP: 7/7
  3345 | D:4      | Reached skill level 8 in Polearms
  3366 | D:4      | Found Xirykhae's Neck Hole.
  3369 | D:4      | Acquired the +1 pair of gloves of Narghil {rF+}
  3709 | D:5      | Entered Level 5 of the Dungeon
  4058 | D:5      | Reached skill level 9 in Polearms
  4058 | D:5      | Reached XP level 8. HP: 59/64 MP: 8/8
  4375 | D:5      | Reached skill level 10 in Polearms
  4537 | D:5      | Reached ***** piety under Trog
  5247 | D:6      | Found an iron altar of Okawaru.
  5401 | D:6      | Reached skill level 11 in Polearms
  5667 | D:6      | Reached XP level 9. HP: 55/69 MP: 9/9
  5867 | D:6      | Reached skill level 12 in Polearms
  5990 | D:6      | Reached skill level 5 in Armour
  6124 | D:6      | Noticed a two-headed ogre
  6128 | D:6      | Killed a two-headed ogre
  6129 | D:6      | Reached skill level 13 in Polearms
  6593 | D:7      | Found a transporter.
  6595 | D:7      | Found a transporter.
  6611 | D:7      | Noticed patfeehan111222's ghost (novice MiBe)
  6622 | D:7      | Received a gift from Trog
  6634 | D:7      | Noticed a boulder beetle
  6705 | D:7      | Killed a boulder beetle
  6706 | D:7      | Reached skill level 14 in Polearms
  6706 | D:7      | Reached XP level 10. HP: 76/76 MP: 10/10
  6800 | D:7      | Reached skill level 15 in Polearms
  6937 | D:7      | Reached skill level 16 in Polearms
  7012 | D:7      | Found a staircase to the Ecumenical Temple.
  7054 | D:7      | Noticed Prince Ribbit
  7058 | D:7      | Killed Prince Ribbit
  7360 | D:7      | Found Inekus's Fire Supplies.
  7504 | D:7      | Killed patfeehan111222's ghost
  7505 | D:7      | Reached skill level 17 in Polearms
  7649 | D:8      | Noticed Grum
  7654 | D:8      | Killed Grum
  7722 | D:8      | Reached XP level 11. HP: 70/81 MP: 11/11
  7909 | D:8      | Reached XP level 12. HP: 93/101 MP: 12/12
  7989 | D:8      | Reached skill level 1 in Throwing
  8020 | D:8      | Noticed a two-headed ogre
  8032 | D:8      | Killed a two-headed ogre
  8082 | D:8      | Noticed Erica
  8095 | D:8      | Killed Erica
  8673 | D:9      | Found a runed translucent door.
  8839 | D:9      | Noticed a two-headed ogre
  8853 | D:9      | Killed a two-headed ogre
  8854 | D:9      | Reached skill level 18 in Polearms
  8854 | D:9      | Reached skill level 5 in Dodging
  9029 | D:9      | Found a glowing golden altar of the Shining One.
  9756 | D:10     | Entered Level 10 of the Dungeon
  9760 | D:10     | Found Yxiehaics's Assorted Antiques.
  9766 | D:10     | Bought a bubbling ruby potion for 29 gold pieces
  9835 | D:10     | Identified the +8 halberd of Ogre's Doom {flame, Dex+2}
                  | (Trog gifted it to you on level 10 of the Dungeon)
  9835 | D:10     | Received a gift from Trog
 10081 | D:10     | Found a staircase to the Lair.
 10470 | D:10     | Bought a runed chain mail for 247 gold pieces
 10612 | D:3      | Bought a translucent ring mail for 171 gold pieces
 10612 | D:3      | Identified the +1 ring mail of the Arcane {rElec Regen+
                  | Str+2 Dex+3} (You bought it in a shop on level 3 of the
                  | Dungeon)
 10824 | D:11     | Noticed a two-headed ogre
 10835 | D:11     | Killed a two-headed ogre
 10836 | D:11     | Reached skill level 5 in Throwing
 10940 | D:11     | Found a staircase to the Orcish Mines.
 10980 | D:11     | Reached skill level 1 in Evocations
 11145 | D:11     | Reached skill level 19 in Polearms
 11161 | D:11     | Reached XP level 13. HP: 88/108 MP: 13/13
 11698 | D:11     | Identified the +4 ring mail of a ziggurat {rElec}
 12185 | Lair:1   | Entered Level 1 of the Lair of Beasts
 12207 | Lair:1   | Found a gate leading to a gauntlet.
 12229 | Gauntlet | Entered a Gauntlet
 12229 | Gauntlet | Found a transporter.
 12229 | Gauntlet | Found a transporter.
 12229 | Gauntlet | Found a transporter.
 12233 | Gauntlet | Found a transporter.
 12233 | Gauntlet | Found a transporter.
 12233 | Gauntlet | Found a transporter.
 12243 | Gauntlet | Found a transporter.
 12247 | Gauntlet | Found a transporter.
 12249 | Gauntlet | Found a large runed translucent door.
 12250 | Gauntlet | Found a large runed translucent door.
 12251 | Gauntlet | Found a large runed translucent door.
 12251 | Gauntlet | Found a large runed translucent door.
 12251 | Gauntlet | Found a runed translucent door.
 12251 | Gauntlet | Found a runed translucent door.
 12252 | Gauntlet | Found a large runed translucent door.
 12252 | Gauntlet | Found a large runed translucent door.
 12252 | Gauntlet | Found a large runed translucent door.
 12252 | Gauntlet | Found a large runed translucent door.
 12253 | Gauntlet | Found a large runed translucent door.
 12253 | Gauntlet | Found a large runed translucent door.
 12254 | Gauntlet | Found a large runed translucent door.
 12254 | Gauntlet | Found a large runed translucent door.
 12255 | Gauntlet | Found a runed translucent gate.
 12255 | Gauntlet | Found a runed translucent gate.
 12255 | Gauntlet | Found a runed translucent gate.
 12257 | Gauntlet | Found a transporter.
 12268 | Gauntlet | Found a large runed translucent door.
 12269 | Gauntlet | Found a large runed translucent door.
 12278 | Gauntlet | Found a large runed translucent door.
 12278 | Gauntlet | Found a large runed translucent door.
 12289 | Gauntlet | Noticed an entropy weaver
 12358 | Gauntlet | Found a transporter.
 12362 | Gauntlet | Found a transporter.
 12372 | Gauntlet | Found a transporter.
 12465 | Gauntlet | Identified the +1 scale mail "Ludghe" {rElec MP+9}
 12531 | Gauntlet | Killed an entropy weaver
 12595 | Gauntlet | Received a gift from Trog
 12610 | Gauntlet | Identified the -2 helmet "Fueg" {Slay+3}
 12670 | Gauntlet | Identified the +1 kite shield of a ziggurat {*Slow +Blink
                  | +Inv rPois}
 12670 | Gauntlet | Noticed a minotaur
 12683 | Gauntlet | Killed a minotaur
 12715 | Gauntlet | Identified the +1 plate armour of Sistocath {Regen+}
 12788 | Lair:1   | Acquired a manual of Evocations
 12790 | Lair:1   | Acquired a +3 antimagic bardiche
 12920 | Lair:1   | Noticed Joseph
 12929 | Lair:1   | Killed Joseph
 13158 | Lair:1   | Reached skill level 5 in Evocations
 13167 | Lair:1   | Identified the ring of the Bull {Fly rPois rC+++ Str+2
                  | Dex-5}
 13848 | D:4      | Bought an amulet of faith for 560 gold pieces
 14078 | Lair:2   | Found a hole to the Spider Nest.
 14346 | Lair:2   | Slain by a merfolk

Illustrated notes

Levels and vault maps discovered:
D:1:      dpeg_arrival_arbitrary_a, layout_loops_corners, serial_shops,
          nicolae_shop_behind_doors
D:2:      layout_loops_ring, basic_altar, serial_undead, serial_undead_c,
          serial_undead_e, serial_undead_a, serial_undead_c, serial_undead_c,
          serial_undead_e, serial_undead_e, serial_undead_c, serial_undead_a,
          serial_undead_f, minmay_increasing_density
D:3:      layout_rooms, shapermc_ecumenical_altar_mp_urbaneastern, serial_shops,
          shop, kennysheep_doodads, uniq_natasha
D:4:      layout_gridville, gup_sewer_entry_pipe, grunt_ministairs_8,
          nicolae_shop_sticking_my_neck_out
D:5:      layout_layer_cave
D:6:      minmay_razor_zed, layout_basic, mainiacjoe_overflow_paths
D:7:      cheibrodos_fzero, layout_loops_ring, minmay_temple_entry_overgrown,
          nzn_ghost_randoct, chequers_serial_rivers_small_3,
          nicolae_shop_fire_sale [nicolae_sub_dead_trees], uniq_prince_ribbit1
D:8:      layout_basic, amethyst_killhole, uniq_grum, uniq_erica
D:9:      layout_irregular_city, amcnicky_altar_gilded, lightli_church_of_beogh
D:10:     layout_gridville, lair_entry_dummy, serial_shops,
          nicolae_shop_waterfront
D:11:     minmay_the_grid_octo_2x2 [minmay_the_grid_octo_fat_diamond,
          minmay_the_grid_octo_vomiting_pacman, minmay_the_grid_octo_concentric,
          minmay_the_grid_octo_prize_square_snowflake], layout_rooms,
          kennysheep_orc_monster_closet_entryway
Lair:1:   layout_small_grid, gauntlet_entry_generic, serial_bayou_shore_a,
          grunt_megastairs_2, lemuel_fruit_tree, infiniplex_staircase_pool,
          uniq_joseph
Lair:2:   layout_long_grid, elwin_shoals_entry_stream,
          hellmonk_spider_entry_life_and_decay

Skill      XL: |  1  2  3  4  5  6  7  8  9 10 11 12 13 |
---------------+----------------------------------------+-----
Polearms       | 5 6 7 9 11 14 17 19 | 19.9
Armour         | 2 3 4 6 |  6.0
Fighting       | 4 5 6 11 12 | 12.0
Dodging        | 3 6 |  6.0
Throwing       | 6 9 |  9.6
Evocations     | 2 6 |  6.0

Action                     |  1- 3 |  4- 6 |  7- 9 | 10-12 | 13-15 || total
---------------------------+-------+-------+-------+-------+-------++-------
  Melee: Spear             |   139 |   191 |       |       |       ||   330
         Punch             |     2 |     2 |       |       |       ||     4
         Trident           |       |    98 |       |       |       ||    98
         Halberd           |       |     5 |   214 |   393 |   230 ||   842
         Tailslap          |       |     2 |     1 |       |       ||     3
         Bardiche          |       |       |       |       |     5 ||     5
  Throw: Dart              |       |       |     3 |       |       ||     3
         Javelin           |       |       |     1 |     4 |       ||     5
         Stone             |       |       |       |     6 |       ||     6
         Boomerang         |       |       |       |       |     2 ||     2
 Invoke: Berserk           |       |     2 |     4 |     5 |     6 ||    17
         Trog's Hand       |       |     1 |     3 |     1 |     1 ||     6
         Brothers in Arms  |       |       |       |       |     1 ||     1
    Use: Scroll            |       |    20 |     3 |     9 |     3 ||    35
         Potion            |       |       |       |     1 |       ||     1
   Stab: Distracted        |       |       |     1 |       |       ||     1
 Armour: Chain mail        |    46 |    86 |       |       |       ||   132
         Plate armour      |       |     2 |   167 |   203 |   119 ||   491
  Dodge: Dodged            |    40 |    83 |    70 |   102 |    83 ||   378

Table legend: (Time is in decaauts)
 A = Elapsed time spent in this place.
 B = Non-inter-level travel time spent in this place.
 C = Inter-level travel time spent in this place.
 D = Time resting spent in this place.
 E = Time spent auto-exploring this place.
 F = Levels seen in this place.
 G = Mean time per level.
                   A        B        C        D        E       F      G
               +--------+--------+--------+--------+--------+-----+--------+
         Total |  14367 |  13032 |   1335 |   1069 |   9228 |  15 |  957.8 |
       Dungeon |  12263 |  11033 |   1230 |    880 |   8023 |  11 | 1114.8 |
          Lair |   1247 |   1142 |    105 |     22 |    903 |   2 |  623.5 |
         Sewer |    289 |    289 |      0 |     28 |    123 |   1 |  289.0 |
      Gauntlet |    566 |    566 |      0 |    139 |    179 |   1 |  566.0 |
               +--------+--------+--------+--------+--------+-----+--------+

Top non-repeatable levels by time:
     D:6: 1561 daAuts
     D:5: 1411 daAuts
     D:9: 1274 daAuts
    D:11: 1246 daAuts
     D:7: 1225 daAuts
     D:2: 1094 daAuts
     D:8: 1052 daAuts
     D:1: 999 daAuts
    D:10: 963 daAuts
  Lair:1: 952 daAuts
     D:4: 904 daAuts
Gauntlet: 566 daAuts
     D:3: 530 daAuts
  Lair:2: 295 daAuts
   Sewer: 289 daAuts
